 Dungeon Crawl Stone Soup version 0.29.1-2-gbd0b4ee654 (webtiles) character file.

Game seed: 12494418009183946639

35 warriortoast the Sneak (level 3, -1/16 HPs)
             Began as a Spriggan Enchanter on Nov 19, 2022.
             Slain by a hobgoblin (2 damage)
             ... led by Robin
             ... on level 1 of the Dungeon.
             The game lasted 00:04:36 (2522 turns).

warriortoast the Sneak (Spriggan Enchanter)         Turns: 2522, Time: 00:04:36

Health: -1/16      AC:  2    Str:  6    XL:     3   Next: 17%
Magic:  0/8        EV: 17    Int: 16    God:
Gold:   69         SH:  0    Dex: 15    Spells: 0/8 levels left

rFire   . . .      SeeInvis +   a - +1 dagger
rCold   . . .      Faith    .   (no shield)
rNeg    . . .      Spirit   .   b - +0 robe
rPois   .          Reflect  .   (helmet restricted)
rElec   .          Harm     .   (no cloak)
rCorr   .          Rampage  .   (gloves unavailable)
Will    .....                   (boots unavailable)
Stlth   +++.......              (no amulet)
HPRegen 0.05/turn               (no ring)
MPRegen 0.11/turn               (no ring)

@: very slightly contaminated, very quick
A: very small, no large weapons, unfitting armour, see invisible, speed 3
a: no special abilities


You were on level 1 of the Dungeon.
You visited 1 branch of the dungeon, and saw 2 of its levels.

You collected 69 gold pieces.

Inventory:

Hand Weapons
 a - a +1 dagger (weapon)
Armour
 b - a +0 robe (worn)
Scrolls
 f - a scroll of immolation {unknown}
 g - a scroll of blinking {unknown}
Potions
 c - 2 potions of invisibility
 d - 2 potions of curing {unknown}
 e - a potion of lignification {unknown}
 h - a potion of heal wounds {unknown}


   Skills:
 + Level 1.7 Short Blades
 + Level 3.2 Dodging
 + Level 5.0 Stealth
 + Level 3.1 Spellcasting
 + Level 4.0 Hexes


You couldn't memorise any spells.
You knew the following spells:

 Your Spells              Type           Power      Damage    Failure   Level
a - Ensorcelled Hibernat  Hex/Ice        16%        N/A       12%         2
b - Confusing Touch       Hex            15%        N/A       11%         3
c - Tukima's Dance        Hex            15%        N/A       11%         3

Your spell library contained the following spells:

 Spells                   Type           Power      Damage    Failure   Level
 Dazzling Flash           Conj/Hex       16%        N/A       24%         3
 Scorch                   Fire           4%         2d5       28%         2
 Flame Wave               Conj/Fire      2%         2d4       88%         4
 Summon Cactus Giant      Summ           1%         N/A       100%        6


Dungeon Overview and Level Annotations

Branches:
Dungeon (2/15)

Altars:

Annotations:
D:2 Robin


Innate Abilities, Weirdness & Mutations

You are very small and have problems with some larger weapons.
You are too small for most types of armour.
You have supernaturally acute eyesight. (SInv)
You cover ground extremely quickly. (Speed+++)


Message History

Nothing appears to happen.
Casting: Confusing Touch (extremely dangerous; 11% risk of failure)
Confirm with . or Enter, or press ? or * to list all spells.
The spell is extremely dangerous to miscast (11% risk of failure)!
Continue anyway?
Your hands begin to glow red.
You climb downwards.
Level annotation: Robin The bat hits you but does no damage.
The hobgoblin hits you. The hobgoblin closely misses you.
The bat barely misses you.
There is a stone staircase leading up here.
The bat hits you. The hobgoblin misses you.
The hobgoblin hits you but does no damage.
You climb upwards.
There is a stone staircase leading down here.
You barely miss the hobgoblin. The hobgoblin hits you. x2
* * * LOW HITPOINT WARNING * * *
Your magical contamination has completely faded away.
You hit the hobgoblin but do no damage.
The hobgoblin appears confused.
The hobgoblin completely misses you.
Casting: Confusing Touch (extremely dangerous; 11% risk of failure)
Confirm with . or Enter, or press ? or * to list all spells.
Aiming: Ensorcelled Hibernation (safe; 12% risk of failure)
Press: ? - help, Shift-Dir - straight line, f - hobgoblin
Aim: a hobgoblin (chance to affect: 59%)
The hobgoblin resists with significant effort.
Casting: Ensorcelled Hibernation (safe; 12% risk of failure)
Confirm with . or Enter, or press ? or * to list all spells.
Aiming: Ensorcelled Hibernation (safe; 12% risk of failure)
Press: ? - help, Shift-Dir - straight line, f/p - hobgoblin
Aim: a hobgoblin (chance to affect: 59%)
You miscast Ensorcelled Hibernation.
You are very lightly contaminated with residual magic.
Nothing appears to happen.
You barely miss the hobgoblin. The hobgoblin hits you.
* * * LOW HITPOINT WARNING * * *
You closely miss the hobgoblin. The hobgoblin closely misses you.
You hit the hobgoblin.
The hobgoblin is moderately wounded.
The hobgoblin hits you.
You die...

########### #.........#
#.#######.######## ## #.#
#.........# #. ###.#
####..######.# #. ##.#.#
#........# #.####.
###....###.##..##.# #.#....
####.)......g@....##.# #.#....
###....#.......>##.###.###.#....
#.........########.........####.
#.#.#####.# #####.#####....
#.#.# #.# #.# #.##. #.#.#####g##
#.# #.### #.#...÷....## #.#
#.### ##.#####>†...## ####.#
#.#.. .#.# ##)......## ##.##.#
#.#.#


You could see a hobgoblin.

Vanquished Creatures
  A dart slug (D:1)
  2 ball pythons (D:1)
  3 endoplasms (D:1)
  2 giant cockroaches (D:1)
  3 goblins (D:1)
  3 hobgoblins
  3 jackals
  A quokka (D:1)
  3 bats (D:1)
  2 frilled lizards (D:1)
  4 kobolds
  2 rats (D:1)
29 creatures vanquished.

Notes
Turn   | Place    | Note
-------+----------+-------------------------------------------
     0 | D:1      | warriortoast the Spriggan Enchanter began the quest for the
                  | Orb.
     0 | D:1      | Reached XP level 1. HP: 9/9 MP: 5/5
   500 | D:1      | Found a faded altar of an unknown god.
   601 | D:1      | Reached XP level 2. HP: 10/13 MP: 6/6
   667 | D:1      | Learned a level 2 spell: Ensorcelled Hibernation
  2078 | D:1      | Reached XP level 3. HP: 13/16 MP: 2/8
  2133 | D:1      | Learned a level 3 spell: Confusing Touch
  2137 | D:1      | Learned a level 3 spell: Tukima's Dance
  2149 | D:1      | Reached skill level 5 in Stealth
  2325 | D:2      | Noticed Robin
  2522 | D:1      | Slain by a hobgoblin

Illustrated notes

Levels and vault maps discovered:
D:1:      beargit_arrival_diablo_church, layout_loops_corners,
          basic_ecumenical_altar
D:2:      layout_rooms, grunt_ministairs_1, st_stairs_9, bh_walls_and_bars,
          uniq_robin

Skill      XL: |  1  2  3 |
---------------+----------+-----
Dodging        | 3 |  3.2
Spellcasting   | 3 |  3.1
Hexes          | 4 |  4.0
Stealth        | 5 |  5.0
Short Blades   | |  1.7

Action                   || total
-------------------------++-------
Melee: Dagger            ||    79
 Cast: Ensorcelled Hiber ||    18
       Confusing Touch   ||     1
 Stab: Sleeping          ||    14
Armor: Robe              ||    10
Dodge: Dodged            ||    75
